AoeStats
← lorry7138

Pilgrims

510112973Analyzed
4v4 RM · 3d ago on Sep 29, 2026· 16m 4s· 8 players
Game mode
Random Map
Map size
Large (8 player)
Population
200
Speed
Normal
Resources
Standard
Victory
Conquest
Starting age
Dark Age
Ending age
Imperial Age
RankedLock teamsTeams togetherTeam positionsShared explorationLock speedFull tech treeHidden civsTurbo modeCheats
Victory
Defeat
🇬🇷 Britons · Greece
1149
+11
🇮🇳 Koreans · India
1125
+12
🇦🇷 Franks · Argentina
1117
+12
🇨🇿 Ethiopians · Czechia
1021
+17
🇭🇰 Dravidians · Hong Kong SAR China
1068
-13
🇻🇳 Burgundians · Vietnam
1028
-13
🇨🇳 Armenians · China
1027
-13
🇨🇳 Turks · China
1025
-13
15634125
11:15 Loom
14:06 Feudal Age
SOUL 360
8:29 Loom
12:32 Feudal Age
15:26 Wheelbarrow
gongyi528
lorry7138
3:41 Loom
11:53 Feudal Age
12:07 Town Watch
13:20 Wheelbarrow
DESTINNI
6:58 Loom
boo
16:53 Feudal Age
KZA
4:57 Loom
13:07 Feudal Age
15:57 Double-Bit Axe
AK47
13:22 Feudal Age
17:29 Castle Age
15:48 Fishing Lines
Connection lost

Rejoining the realm…

Still unreachable

The connection could not be restored.

Session expired

The server has moved on; the page needs a fresh start.